AoeStats
← TR-Firebird

Arena

505209563Analyzed
1v1 RM · 22d ago on Sep 8, 2026· 57m 50s· 2 players
Game mode
Random Map
Map size
Tiny (2 player)
Population
200
Speed
Normal
Resources
Standard
Victory
Conquest
Starting age
Dark Age
Ending age
Imperial Age
RankedLock teamsTeams togetherTeam positionsShared explorationLock speedFull tech treeHidden civsTurbo modeCheats
Victory
Defeat
🇹🇷 Bohemians · Türkiye
742
+15
🇵🇬 Japanese · Papua New Guinea
713
-15
LyricLearner240
2:50 Loom
11:26 Feudal Age
12:00 Double-Bit Axe
12:12 Man-at-Arms
13:03 Arson
13:06 Horse Collar
22:31 Castle Age
21:47 Fletching
21:58 Padded Archer Armor
21:53 Stone Mining
21:53 Gold Mining
22:37 Crossbowman
23:53 Bodkin Arrow
24:56 Pikeman
28:23 Murder Holes
29:35 Ballistics
33:07 Leather Archer Armor
37:45 Imperial Age
36:21 Fortified Wall
37:59 Bow Saw
38:02 Forging
37:54 Scale Mail Armor
38:58 Conscription
38:07 Arbalester
40:56 Chemistry
40:00 Bracer
40:31 Ring Archer Armor
43:06 Kataparuto
43:11 Onager
51:03 Thumb Ring
54:00 Parthian Tactics
55:45 Squires
56:31 Elite Samurai
TR-Firebird
11:28 Feudal Age
12:02 Double-Bit Axe
16:31 Castle Age
20:02 Loom
27:42 Bow Saw
29:21 Horse Collar
30:50 Chemistry
33:01 Imperial Age
32:05 Ballistics
31:45 Treadmill Crane
33:37 Elite Hussite Wagon
36:22 Two-Man Saw
37:14 Masonry
38:13 Wheelbarrow
37:23 Town Watch
38:29 Architecture
39:11 Hand Cart
39:17 Wagenburg Tactics
41:10 Houfnice
42:31 Siege Engineers
47:20 Light Cavalry
48:14 Forging
48:09 Scale Barding Armor
49:55 Iron Casting
50:04 Chain Barding Armor
50:08 Husbandry
53:11 Elite Skirmisher
55:01 Blast Furnace
53:52 Fletching
54:03 Padded Archer Armor
54:55 Conscription
56:25 Bodkin Arrow
56:46 Leather Archer Armor
Connection lost

Rejoining the realm…

Still unreachable

The connection could not be restored.

Session expired

The server has moved on; the page needs a fresh start.